 Dungeon Crawl Stone Soup version 0.22-a0-448-g1fb7470 (webtiles) character file.

388 iamserjio the Sneak (level 6, -4/42 HPs)
             Began as an Octopode Assassin on June 4, 2018.
             Killed from afar by an orc wizard (9 damage)
             ... with a puff of frost
             ... on level 5 of the Dungeon.
             The game lasted 00:10:58 (5730 turns).

iamserjio the Sneak (Octopode Assassin)             Turns: 5730, Time: 00:10:59

Health: -4/42      AC:  1    Str: 10    XL:     6   Next: 79%
Magic:  6/6        EV: 14    Int: 14    God:
Gold:   165        SH:  0    Dex: 15    Spells: 5/5 levels left

rFire    . . .     SeeInvis .   v - +1 dagger (vamp)
rCold    . . .     Gourm    .   (no shield)
rNeg     . . .     Faith    .   (helmet restricted)
rPois    .         Spirit   .   (no amulet)
rElec    .         Reflect  .   (no ring)
rCorr    .         Harm     .   (no ring)
MR       .....                  (no ring)
Stlth    ++++......             (no ring)
HPRegen  0.14/turn              (no ring)
MPRegen  0.10/turn              (no ring)
                                (no ring)
                                (no ring)

@: no status effects
A: almost no armour, stealthy swim, amphibious, 8 rings, constrict 8, camouflage
1, gelatinous body 1
a: no special abilities


You were on level 5 of the Dungeon.
You were hungry.

You visited 1 branch of the dungeon, and saw 5 of its levels.

You collected 165 gold pieces.

Inventory:

Hand Weapons
 a - a +2 dagger
 b - a +0 blowgun
 r - a +2 short sword of holy wrath
 v - a +1 vampiric dagger (weapon)
Missiles
 c - 8 poisoned needles
 d - 2 curare-tipped needles
 p - 83 stones (quivered)
Jewellery
 e - a cursed amulet of inaccuracy
Scrolls
 h - a scroll of enchant weapon {unknown}
 i - 3 scrolls of teleportation
 j - a scroll of noise {unknown}
 l - 2 scrolls of remove curse {unknown}
 o - a scroll of magic mapping {unknown}
 t - a scroll of random uselessness {unknown}
 y - a scroll of fog {unknown}
Potions
 g - a potion of flight
 k - 2 potions of curing {unknown}
 m - a potion of agility {unknown}
 n - 3 potions of degeneration {unknown}
 q - a potion of mutation {unknown}
 s - a potion of might
 u - a potion of heal wounds {unknown}
 w - 2 potions of brilliance {unknown}
Comestibles
 f - 7 rations


   Skills:
 + Level 3.5 Fighting
 * Level 4.6 Short Blades
 - Level 2.0 Throwing
 + Level 3.0 Dodging
 + Level 6.8 Stealth


You had 5 spell levels left.
You didn't know any spells.
Your spell library was empty.

Dungeon Overview and Level Annotations

Branches:
Dungeon (5/15)
 Temple: D:4-7

Altars:
Nemelex Xobeh
Okawaru
Vehumet
Xom

Shops:
D:5 }


Innate Abilities, Weirdness & Mutations

You cannot wear most types of armour.
You are very stealthy in the water. (Stealth+)
You are amphibious.
You can wear up to eight rings at the same time.
You can use your tentacles to constrict eight enemies at once.
Your skin changes colour to match your surroundings (Stealth+).
Your rubbery body absorbs attacks. (AC +1, EV +1)


Message History

You miss something.
You hear some strange, mumbled words.
A magic dart appears from out of thin air!
The magic dart hits you!
You closely miss something. You squeeze something.
Something hits you but does no damage.
You hit something but do no damage. Something hits you.
Okay, then.
Okay, then.
Something hits you.
You hear some strange, mumbled words.
A puff of frost appears from out of thin air!
The puff of frost hits you!
* * * LOW HITPOINT WARNING * * *
Something hits you.
* * * LOW HITPOINT WARNING * * *
You hear some strange, mumbled words.
A puff of frost appears from out of thin air!
The puff of frost hits you!
You die...

## #.# #.# #.#
####### #.#
#.....# #.####
#.....# #...@#
#.....# ###
#..###
...(..###.###..#
....∩.)........#
.#..###.##.###.#
#. #..#....)# #
##.#..#### .#...
.#...#


There were no monsters in sight!

Vanquished Creatures
  An orc warrior (D:2)
  Terence (D:3)
  2 worker ants (D:4)
  Natasha (twice) (D:2)
  9 adders
  An ooze (D:4)
  An adder skeleton (D:3)
  6 worms
  2 dart slugs (D:1)
  2 leopard geckos
  8 orcs
  5 giant cockroaches
  7 goblins
  2 hobgoblins (D:1)
  A quokka (D:3)
  A ball python (D:1)
  4 bats
  2 frilled lizards
  7 kobolds
  10 rats
74 creatures vanquished.

Notes
Turn   | Place    | Note
-------+----------+-------------------------------------------
     0 | D:1      | iamserjio the Octopode Assassin began the quest for the Orb.
     0 | D:1      | Reached XP level 1. HP: 14/14 MP: 1/1
   183 | D:1      | Reached XP level 2. HP: 19/19 MP: 2/2
   472 | D:1      | Reached XP level 3. HP: 24/24 MP: 3/3
  1057 | D:2      | Reached XP level 4. HP: 23/30 MP: 4/4
  1305 | D:2      | You fall through a shaft!
  1315 | D:3      | Noticed an orc warrior
  1723 | D:2      | Noticed Natasha
  1730 | D:2      | Killed Natasha
  1730 | D:2      | Reached skill level 6 in Stealth
  2008 | D:2      | Noticed Natasha
  2192 | D:2      | Killed an orc warrior
  2192 | D:2      | Reached XP level 5. HP: 11/36 MP: 5/5
  2621 | D:2      | Killed Natasha
  2633 | D:3      | Reached XP level 6. HP: 30/42 MP: 6/6
  2780 | D:3      | Noticed Terence
  2906 | D:3      | Killed Terence
  3672 | D:4      | Noticed a phantom
  4726 | D:4      | Found an iron altar of Okawaru.
  5330 | D:4      | Found a radiant altar of Vehumet.
  5563 | D:4      | Found a sparkling altar of Nemelex Xobeh.
  5563 | D:4      | Found a shimmering altar of Xom.
  5692 | D:5      | Entered Level 5 of the Dungeon
  5697 | D:5      | Found Vakhliwe's Gadget Emporium.
  5730 | D:5      | Killed from afar by an orc wizard

Vault maps used:
D:1:      saegor_arrival_miasma
D:2:      uniq_natasha
D:3:      uniq_terence
D:4:      kennysheep_mini, gammafunk_temple_overflow_elements, first_ration,
          okawaru_metal_pillars_1_2
D:5:      chequers_temple_overflow_minitemple, serial_shops, shop,
          kennysheep_generic_room_2, uniq_blork_the_orc, uniq_edmund

Skill      XL: |  1  2  3  4  5  6 |
---------------+-------------------+-----
Short Blades   | 3 4 |  4.6
Dodging        | 2 3 |  3.0
Stealth        | 6 |  6.8
Fighting       | 3 |  3.5
Throwing       | |  2.0

Action                   |  1- 3 |  4- 6 || total
-------------------------+-------+-------++-------
Melee: Dagger            |    50 |   175 ||   225
       Constrict         |    16 |    30 ||    46
       Tentacles         |    15 |    35 ||    50
 Fire: Blowgun           |       |     6 ||     6
Throw: Stone             |       |    12 ||    12
  Use: Scroll            |       |     4 ||     4
 Stab: Sleeping          |     7 |     8 ||    15
  Eat: Chunk             |       |    12 ||    12
       Ration            |       |     2 ||     2
Armor: Skin              |     5 |     8 ||    13
Dodge: Dodged            |    19 |    75 ||    94

Table legend:
 A = Spawn XP
 B = Non-spawn XP
 C = Spawn XP percentage of total XP
 D = Spawn monster count
 E = Non-spawn monster count
 F = Spawn count percentage of total count
 G = Total turns spent on level
                    A         B        C        D         E        F      G
               +---------+---------+-------+---------+---------+-------+---------
         Total |       0 |     555 |   0.0 |       0 |      74 |   0.0 |  5730
               +---------+---------+-------+---------+---------+-------+---------
           D:1 |       0 |      36 |   0.0 |       0 |      21 |   0.0 |   965
           D:2 |       0 |     272 |   0.0 |       0 |      24 |   0.0 |  1627
           D:3 |       0 |     107 |   0.0 |       0 |      19 |   0.0 |   961
           D:4 |       0 |     124 |   0.0 |       0 |       8 |   0.0 |  2139
           D:5 |       0 |      16 |   0.0 |       0 |       2 |   0.0 |    38
               +---------+---------+-------+---------+---------+-------+---------
